 Dungeon Crawl Stone Soup version 0.30-a0-702-gdf48620a09 (webtiles) character file.

Game seed: 1257471259630744665

112 ASSMAN the Covert (level 4, 0/26 HPs)
             Began as a Vampire Brigand on Jan 22, 2023.
             Slain by Terence
             ... wielding a +0 flail of holy wrath
              (10 damage)
             ... on level 2 of the Dungeon.
             The game lasted 00:02:17 (1676 turns).

ASSMAN the Covert (Vampire Brigand)                 Turns: 1676, Time: 00:02:18

Health: 0/26       AC:  3    Str: 10    XL:     4   Next: 63%
Magic:  4/4        EV: 12    Int: 13    God:
Gold:   77         SH:  0    Dex: 17    Spells: 3/3 levels left

rFire   . . .      SeeInvis +    i - +0 dagger (venom)
rCold   + + .      Faith    .    (no shield)
rNeg    + + +      Spirit   .    b - +0 robe
rPois   ∞          Reflect  .    (no helmet)
rElec   .          Harm     .    c - +0 cloak
rCorr   .          Rampage  .    (no gloves)
Will    .....                    (no boots)
Stlth   ++++++                   (no amulet)
HPRegen 0.00/turn                (no ring)
MPRegen 0.09/turn                (no ring)

@: bloodless, inhibited regen
A: bloodless, fangs 3, see invisible, vampiric 2
a: Bat Form, Revivify


You were on level 2 of the Dungeon.
You visited 1 branch of the dungeon, and saw 2 of its levels.

You collected 77 gold pieces.

Inventory:

Hand Weapons
 a - a +2 dagger
 i - a +0 dagger of venom (weapon)
Missiles
 d - 18 poisoned darts (quivered)
 e - 3 curare-tipped darts
Armour
 b - a +0 robe (worn)
 c - a +0 cloak (worn)
Magical Staves
 g - a staff of air
Scrolls
 f - 2 scrolls of identify {unknown}
 l - a scroll of enchant weapon {unknown}
Potions
 h - 3 potions of haste {unknown}
 j - a potion of attraction {unknown}
 k - a potion of resistance {unknown}


   Skills:
 - Level 1.7 Fighting
 - Level 2.1 Short Blades
 - Level 1.5 Throwing
 - Level 1.1 Dodging
 + Level 9.3 Stealth


You had 3 spell levels left.
You didn't know any spells.
Your spell library was empty.

Dungeon Overview and Level Annotations

Branches:
Dungeon (2/15)

Altars:

Annotations:
D:2 Terence


Innate Abilities, Weirdness & Mutations

You do not regenerate when monsters are visible.
You are frail without blood (-20% HP).
You can heal yourself when you bite living creatures.
You are immune to poison.
You have razor-sharp teeth.
You have supernaturally acute eyesight. (SInv)
You are afflicted with vampirism and can become a bat while bloodless.


Message History

The adder is lightly wounded.
The adder bites you.
You closely miss the adder.
The adder is moderately wounded.
The adder bites you.
You miss the adder. You bite the adder, but do no damage.
The adder is moderately wounded.
The adder bites you. The adder closely misses you.
You barely miss the adder.
The adder is almost dead.
The adder bites you but does no damage.
You completely miss the adder.
The adder is almost dead.
The adder completely misses you.
You miss the adder.
The adder is almost dead.
The adder closely misses you.
You closely miss the adder.
The adder is almost dead.
The adder bites you but does no damage.
You miss the adder. Your bite misses the adder.
The adder is almost dead.
The adder bites you but does no damage.
You hit the adder but do no damage.
The adder looks as sick as possible!
Your bite misses the adder.
The adder is almost dead.
You kill the adder!
You barely miss Terence.
Terence hits you with a +0 flail of holy wrath.
You convulse.
* * * LOW HITPOINT WARNING * * *
You barely miss Terence. You bite Terence.
You draw Terence's blood!
You feel better.
Terence is lightly wounded.
Terence looks scornfully at you. Terence closely misses you.
You completely miss Terence. You bite Terence, but do no damage.
Terence is lightly wounded.
Terence hits you with a +0 flail of holy wrath!
You die...

#............
#............
+..........?.
#............
#............
#..$!........
#####K##..... #@# ##g
##@# ######## #..#
#......########..#
#.......#........#
#.......#######..#
#.......# #..#
#.......# #..#
#.......##### #..#
+...........###..######


You could see Terence and a kobold.

Vanquished Creatures
  3 gnolls (D:2)
  4 adders (D:2)
  A worm (D:2)
  An orc (D:2)
  4 ball pythons
  8 bats
  3 endoplasms (D:1)
  4 giant cockroaches
  A goblin (D:2)
  A hobgoblin (D:2)
  5 kobolds
  3 quokkas (D:1)
  A frilled lizard (D:1)
  3 rats (D:1)
42 creatures vanquished.

Notes
Turn   | Place    | Note
-------+----------+-------------------------------------------
     0 | D:1      | ASSMAN the Vampire Brigand began the quest for the Orb.
     0 | D:1      | Reached XP level 1. HP: 16/16 MP: 1/1
    24 | D:1      | Reached skill level 6 in Stealth
    83 | D:1      | Reached XP level 2. HP: 17/17 MP: 2/2
   268 | D:1      | Reached skill level 7 in Stealth
   661 | D:2      | Gained mutation: You are afflicted with vampirism and can
                  | become a bat while bloodless. [Vampire growth]
   661 | D:2      | Reached XP level 3. HP: 21/21 MP: 3/3
  1028 | D:2      | Reached skill level 8 in Stealth
  1247 | D:2      | Reached XP level 4. HP: 10/26 MP: 4/4
  1586 | D:2      | Reached skill level 9 in Stealth
  1643 | D:2      | Noticed Terence
  1676 | D:2      | Slain by Terence

Illustrated notes

Levels and vault maps discovered:
D:1:      lightli_arrival_flooded_house, layout_loops_ring
D:2:      layout_basic, minmay_bisected, uniq_terence

Skill      XL: |  1  2  3  4 |
---------------+-------------+-----
Stealth        | 6 7 8 9 |  9.3
Fighting       | |  1.7
Short Blades   | |  2.1
Throwing       | |  1.5
Dodging        | |  1.1

Action                   |  1- 3 |  4- 6 || total
-------------------------+-------+-------++-------
Melee: Dagger            |    76 |    42 ||   118
       Bite              |     6 |     4 ||    10
Throw: Dart              |       |     2 ||     2
 Abil: Exsanguinate      |     1 |       ||     1
 Stab: Sleeping          |    16 |     1 ||    17
Armor: Robe              |    11 |    14 ||    25
Dodge: Dodged            |    40 |    26 ||    66

Table legend: (Time is in decaauts)
 A = Elapsed time spent in this place.
 B = Non-inter-level travel time spent in this place.
 C = Inter-level travel time spent in this place.
 D = Time resting spent in this place.
 E = Time spent auto-exploring this place.
 F = Levels seen in this place.
 G = Mean time per level.
                   A        B        C        D        E       F      G
               +--------+--------+--------+--------+--------+-----+--------+
         Total |   1664 |   1651 |     13 |    523 |    782 |   2 |  832.0 |
       Dungeon |   1664 |   1651 |     13 |    523 |    782 |   2 |  832.0 |
               +--------+--------+--------+--------+--------+-----+--------+

Top non-repeatable levels by time:
     D:2: 851 daAuts
     D:1: 812 daAuts
